 Dungeon Crawl Stone Soup version 0.26-a0-1205-g4083c211ab (webtiles) character file.

Game seed: 7490466320239128751

2252 tatocazan the Cleaver (level 9, -1/117 HPs)
             Began as a Minotaur Fighter on Dec 29, 2020.
             Was an Elder of Okawaru.
             Splashed by Maggie's acid (13 damage)
             ... on level 8 of the Dungeon.
             The game lasted 00:06:28 (6279 turns).

tatocazan the Cleaver (Minotaur Fighter)            Turns: 6279, Time: 00:06:29

Health: -1/117     AC: 20    Str: 24    XL:     9   Next: 15%
Magic:  11/11      EV:  2    Int:  5    God:    Okawaru [****..]
Gold:   261        SH: 11    Dex: 10    Spells: 8/8 levels left

rFire    + . .     SeeInvis .   x - +0 hand axe (venom)
rCold    . . .     Faith    +   c - +0 kite shield
rNeg     + + +     Spirit   .   (armour currently unavailable)
rPois    +         Reflect  .   (helmet currently unavailable)
rElec    .         Harm     .   (cloak currently unavailable)
rCorr    .         Rampage  .   (gloves currently unavailable)
Will     .....     NoTele   +   (boots currently unavailable)
Stlth    +.........             n - amulet of faith
HPRegen  0.29/turn              s - ring of protection from fire
MPRegen  0.12/turn              F - ring of positive energy

@: tree-form, corroded, mesmerised
A: (retaliatory headbutt)
a: Renounce Religion, Heroism


You were on level 8 of the Dungeon.
You worshipped Okawaru.
Okawaru was greatly pleased with you.
You were a tree.
You visited 1 branch of the dungeon, and saw 8 of its levels.

You collected 328 gold pieces.
You spent 67 gold pieces at shops.

Inventory:

Hand Weapons
 a - a +0 war axe
 x - a +0 hand axe of venom (weapon)
Missiles
 k - 7 silver boomerangs (quivered)
Armour
 b - a +0 scale mail
 c - a +0 kite shield (worn)
 f - a +0 pair of gloves (melded)
 i - a +0 pair of boots (melded)
 o - a +2 hat (melded)
 q - a +0 chain mail (melded)
Jewellery
 n - an amulet of faith (around neck)
 s - a ring of protection from fire (left branch)
 F - a ring of positive energy (right branch)
Wands
 C - a wand of random effects (26)
 H - a wand of flame (13)
Scrolls
 e - 5 scrolls of teleportation {unknown}
 h - a scroll of amnesia {unknown}
 j - 2 scrolls of random uselessness {unknown}
 l - 12 scrolls of identify {unknown}
 m - 6 scrolls of remove curse {unknown}
 r - 2 scrolls of fog {unknown}
 y - a scroll of fear {unknown}
 A - a scroll of enchant weapon {unknown}
 B - 2 scrolls of noise {unknown}
 D - a scroll of brand weapon {unknown}
 G - a scroll of blinking {unknown}
 I - a scroll of vulnerability {unknown}
Potions
 d - 2 potions of might
 g - 2 potions of curing
 p - a potion of invisibility {unknown}
 t - a potion of lignification
 u - 2 potions of brilliance {unknown}
 v - 2 potions of degeneration {unknown}
 w - 4 potions of heal wounds {unknown}
 z - a potion of haste {unknown}
 E - a potion of mutation {unknown}


   Skills:
 + Level 6.8 Fighting
 * Level 8.5 Axes
 + Level 7.0 Armour
 + Level 3.1 Dodging
 + Level 6.8 Shields
 + Level 4.3 Invocations


You had 8 spell levels left.
You didn't know any spells.
Your spell library was empty.

Dungeon Overview and Level Annotations

Branches:
Dungeon (8/15)             Temple (0/1) D:6
   Lair: D:8-11

Altars:
Ashenzari
Dithmenos
Elyvilon
Kikubaaqudgha
Nemelex Xobeh
Okawaru
Uskayaw
Wu Jian
Xom

Shops:
D:5 :(}

Annotations:
D:8 Maggie


Innate Abilities, Weirdness & Mutations

((You reflexively headbutt those who attack you in melee.))
((You have a pair of horns on your head.))


Message History

You block Maggie's attack.
You hit Maggie.
Maggie looks as sick as possible!
Maggie is severely wounded.
Maggie hits you with a +0 scimitar.
You take 4 damage, and have 40/117 hp.
You closely miss Maggie.
Maggie is severely wounded.
Maggie zaps a wand.
The bolt of acid hits you but does no damage.
You are splashed with acid!
* * * LOW HITPOINT WARNING * * *
You take 7 damage, and have 33/117 hp.
You closely miss Maggie.
Maggie is severely wounded.
You slash Maggie!
Maggie looks as sick as possible!
Maggie is almost dead.
Maggie zaps a wand.
The bolt of acid hits you!!
* * * LOW HITPOINT WARNING * * *
The acid corrodes you!
You are splashed with acid!
You die...

##
##.........##
#
#...........#
#
#...........##
#
#...........#
#
............##
...........###
##.
.........#.##
#...
......###..#
... ..### ##♣#
.# #@).#
..)..#
.......# ###
.........# ..#
.........##
..#
..........#
.##
##.........#
##


You could see Maggie (mesmerising, extremely poisoned).

Vanquished Creatures
  3 ice beasts
  An orc warrior (D:6)
  A black bear (D:7)
  2 ogres
  3 centaurs
  A bullfrog (D:8)
  5 wights (D:6)
  2 hounds
  2 jellies
  A quasit (D:7)
  2 orc priests
  7 orc wizards
  2 bullfrog skeletons (D:5)
  2 iguanas (D:7)
  6 worker ants
  A killer bee zombie (D:7)
  A howler monkey zombie (D:6)
  10 adders
  17 gnolls
  A howler monkey skeleton (D:6)
  A shadow imp (D:8)
  3 white imps
  2 ufetubi
  2 oozes (D:1)
  An adder zombie (D:6)
  3 adder skeletons
  A worm (D:3)
  A dart slug (D:1)
  A leopard gecko (D:3)
  21 orcs
  6 giant cockroaches
  4 goblins
  11 hobgoblins
  6 jackals
  3 kobolds (D:1)
  2 quokkas
  8 bats
  10 frilled lizards
  A leopard gecko skeleton (D:5)
  2 quokka skeletons
  4 rats
163 creatures vanquished.

Notes
Turn   | Place    | Note
-------+----------+-------------------------------------------
     0 | D:1      | tatocazan the Minotaur Fighter began the quest for the Orb.
     0 | D:1      | Reached XP level 1. HP: 19/19 MP: 0/0
   221 | D:1      | Reached XP level 2. HP: 25/27 MP: 1/1
   222 | D:1      | Reached skill level 3 in Axes
   554 | D:1      | Reached XP level 3. HP: 33/33 MP: 2/2
   787 | D:2      | Found an iron altar of Okawaru.
   903 | D:2      | Found an ancient bone altar of Kikubaaqudgha.
   903 | D:2      | Found a shadowy altar of Dithmenos.
   933 | D:2      | Became a worshipper of Warmaster Okawaru
  1945 | D:3      | Reached XP level 4. HP: 19/40 MP: 3/3
  1948 | D:3      | Reached skill level 4 in Axes
  2449 | D:3      | Found a white marble altar of Elyvilon.
  2628 | D:3      | Reached skill level 1 in Invocations
  2701 | D:3      | Found a sparkling altar of Nemelex Xobeh.
  2750 | D:4      | Reached XP level 5. HP: 43/47 MP: 4/4
  2952 | D:4      | Noticed an ogre
  2953 | D:4      | Noticed an ice beast
  2959 | D:4      | Killed an ogre
  2959 | D:4      | Reached * piety under Okawaru
  2961 | D:4      | Killed an ice beast
  2962 | D:4      | Reached skill level 5 in Axes
  2962 | D:4      | Reached XP level 6. HP: 31/55 MP: 4/6
  3257 | D:4      | Reached skill level 5 in Fighting
  3257 | D:4      | Reached skill level 5 in Armour
  3257 | D:4      | Reached skill level 5 in Shields
  3390 | D:5      | Entered Level 5 of the Dungeon
  3449 | D:5      | Found Tuirat's Book Shop.
  3477 | D:5      | Reached XP level 7. HP: 61/61 MP: 7/7
  3479 | D:5      | Found Tashudd's Weapon Emporium.
  3487 | D:5      | Bought a +0 hand axe of venom for 67 gold pieces
  3542 | D:5      | Found Wurhamorgh's Gadget Shop.
  3692 | D:5      | Found a broken altar of Ashenzari.
  3792 | D:5      | Reached ** piety under Okawaru
  3793 | D:5      | Reached skill level 6 in Axes
  3991 | D:5      | Found a hide-covered altar of Uskayaw.
  4000 | D:5      | Found an ornate altar of the Wu Jian Council.
  4003 | D:5      | Found a shimmering altar of Xom.
  4090 | D:6      | Found a staircase to the Ecumenical Temple.
  4323 | D:6      | Reached XP level 8. HP: 67/70 MP: 9/9
  4396 | D:6      | Reached skill level 7 in Axes
  4396 | D:6      | Reached skill level 1 in Dodging
  4421 | D:6      | Reached *** piety under Okawaru
  5434 | D:7      | Reached skill level 8 in Axes
  5512 | D:7      | Reached **** piety under Okawaru
  5681 | D:7      | Found an iron altar of Okawaru.
  5691 | D:7      | Reached XP level 9. HP: 77/78 MP: 11/11
  6246 | D:8      | Noticed Maggie
  6279 | D:8      | Splashed by Maggie's acid

Illustrated notes

Levels and vault maps discovered:
D:1:      eino_arrival_cavern_a, layout_basic, st_stairs_3
D:2:      layout_basic, grunt_temple_overflow_open, minmay_misc_feat_roman
D:3:      layout_rooms, marbit_many_paths, nemelex_lonely_heart_becter
D:4:      layout_loops_ring
D:5:      layout_rooms, minmay_overflow_temple_star_quad, serial_shops, shop,
          nicolae_shop_stone, nicolae_shop_stone, evilmike_ruin_ashenzari
D:6:      layout_basic, minmay_temple_entry_stoned_glass
D:7:      layout_cave_pools, okawaru_ov_weapons_minmay
D:8:      layout_cave_pods, enter_ossuary_4, serial_shops,
          nicolae_shop_behind_doors, serial_park_tiny_2, uniq_maggie

Skill      XL: |  1  2  3  4  5  6  7  8  9 |
---------------+----------------------------+-----
Axes           | 3 4 5 6 8 |  8.5
Fighting       | 4 5 6 |  6.8
Armour         | 4 5 6 7 |  7.0
Shields        | 4 5 6 |  6.8
Invocations    | 1 2 3 4 |  4.3
Dodging        | 2 3 |  3.1

Action                   |  1- 3 |  4- 6 |  7- 9 || total
-------------------------+-------+-------+-------++-------
Melee: War axe           |    84 |    78 |     1 ||   163
       Headbutt          |     8 |    15 |    70 ||    93
       Hand axe          |       |       |   295 ||   295
Evoke: Wand              |       |       |     5 ||     5
  Use: Potion            |       |       |     2 ||     2
Armor: Scale mail        |    48 |     1 |       ||    49
       Chain mail        |       |    50 |   144 ||   194
       Skin              |       |       |     3 ||     3
Dodge: Dodged            |    32 |    24 |    73 ||   129
Block: Kite shield       |    48 |    43 |   162 ||   253

Table legend: (Time is in decaauts)
 A = Elapsed time spent in this place.
 B = Non-inter-level travel time spent in this place.
 C = Inter-level travel time spent in this place.
 D = Time resting spent in this place.
 E = Time spent auto-exploring this place.
 F = Levels seen in this place.
 G = Mean time per level.
                   A        B        C        D        E       F      G
               +--------+--------+--------+--------+--------+-----+--------+
         Total |   6339 |   6106 |    233 |    675 |   4447 |   8 |  792.4 |
       Dungeon |   6339 |   6106 |    233 |    675 |   4447 |   8 |  792.4 |
               +--------+--------+--------+--------+--------+-----+--------+

Top non-repeatable levels by time:
     D:6: 1216 daAuts
     D:2: 1185 daAuts
     D:3: 806 daAuts
     D:1: 780 daAuts
     D:5: 707 daAuts
     D:4: 674 daAuts
     D:7: 639 daAuts
     D:8: 327 daAuts
